 Dungeon Crawl Stone Soup version 0.19.5 (webtiles) character file.

2620 Goboxel the Cleaver (level 9, -9/79 HPs)
             Began as a Hill Orc Fighter on Apr 12, 2017.
             Was an Initiate of Makhleb.
             Mangled by a wyvern (14 damage)
             ... on level 8 of the Dungeon.
             The game lasted 00:09:55 (5731 turns).

Goboxel the Cleaver (Hill Orc Fighter)              Turns: 5731, Time: 00:09:55

Health: -9/79      AC: 13    Str: 22    XL:     9   Next: 60%
Magic:  12/12      EV:  8    Int:  8    God:    Makhleb [......]
Gold:   341        SH: 11    Dex: 10    Spells: 0 memorised, 8 levels left

rFire  . . .     SeeInvis .     a - +1 war axe
rCold  . . .     Gourm    .     b - +0 scale mail
rNeg   . . .     Faith    .     c - +1 shield
rPois  .         Spirit   .     (no helmet)
rElec  .         Reflect  .     w - +0 cloak
rCorr  .         Harm     .     x - +0 pair of gloves
MR     .....     Rnd*Tele +     (no boots)
Stlth  ..........               (no amulet)
                                i - +3 ring of protection
                                p - ring of teleportation (curse)

@: lethally poisoned (-9 -> -18), very slightly contaminated
A: no striking features
a: Renounce Religion


You were on level 8 of the Dungeon.
You worshipped Makhleb.
Makhleb was noncommittal.
You were near starving.

You visited 2 branches of the dungeon, and saw 9 of its levels.

You collected 341 gold pieces.

Inventory:

Hand Weapons
 a - a +1 war axe (weapon)
Armour
 b - a +0 scale mail (worn)
 c - a +1 shield (worn)
 w - a +0 cloak (worn)
 x - a +0 pair of gloves (worn)
Jewellery
 h - an uncursed ring of resist corrosion
 i - a +3 ring of protection (right hand)
 p - a cursed ring of teleportation (left hand)
Wands
 e - a wand of paralysis (20/24)
 m - a wand of random effects (27/48)
 r - a wand of iceblast (11/15)
Scrolls
 j - 2 scrolls of enchant weapon
 k - 2 scrolls of identify
 l - a scroll of fear
Potions
 g - a potion of heal wounds
 n - 2 potions of flight
 q - 2 potions of agility
Comestibles
 f - 2 bread rations
 t - a beef jerky
 u - a fruit
 v - a slice of pizza


   Skills:
 + Level 7.4 Fighting
 * Level 10.5 Axes
 + Level 7.0 Armour
 + Level 6.7 Shields
 + Level 4.1 Invocations


You had 8 spell levels left.
You didn't know any spells.

Dungeon Overview and Level Annotations

Branches:
Dungeon (8/15)             Temple (1/1) D:6
   Lair: D:8-11

Altars:
Elyvilon
Fedhas
Makhleb
Nemelex Xobeh
Ru
Xom
Yredelemnul


Message History

The killer bee is almost dead.
You feel sick. You block the killer bee's attack.
The killer bee stings you but does no damage.
The wyvern barely misses you. The killer bee stings you.
* * * LOW HITPOINT WARNING * * *
You are more poisoned.
The killer bee poisons you!
You are near starving!
You hit the killer bee.
You kill the killer bee!
Makhleb accepts your kill.
You slash the wyvern!
You feel sick.
The wyvern bites you but does no damage.
Unknown command.
You slash the wyvern!
The wyvern is severely wounded.
You feel sick. The wyvern bites you!
* * * LOW HITPOINT WARNING * * *
The wyvern bites you!
You die...

###### #....#
#....# #..†.#
#.@..# #l...#
......#
........#
..>).?.....
.....?.....#
............
.............


You could see a wyvern.

Vanquished Creatures
  Joseph (D:7)
  The ghost of EvilTwin the Cleaver, a novice MiFi of the Shining One (D:5)
  The ghost of sheala the Thaumaturge, a novice DEEE of Vehumet (D:4)
  A hippogriff (D:7)
  Duvessa (D:7)
  An ice beast (D:6)
  3 ogres
  3 bullfrogs
  2 water moccasin zombies
  Dowan (D:7)
  7 killer bees
  A howler monkey (D:4)
  A quasit (D:6)
  2 orc wizards
  2 hounds (D:7)
  An orc priest (D:7)
  An iguana (D:4)
  2 worker ants
  A gnoll (D:1)
  6 adders
  2 shadow imps
  An ooze (D:2)
  An adder zombie (D:7)
  2 worms
  3 dart slugs (D:1)
  4 leopard geckos
  11 orcs
  5 giant cockroaches
  8 goblins
  5 hobgoblins
  4 jackals (D:4)
  3 kobolds
  2 quokkas
  2 ball pythons
  6 bats
  5 frilled lizards
  A quokka zombie (D:6)
  3 rats
107 creatures vanquished.

Vanquished Creatures (others)
  Jessica (D:3)
1 creature vanquished.

Grand Total: 108 creatures vanquished

Notes
Turn   | Place    | Note
-------+----------+-------------------------------------------
     0 | D:1      | Goboxel the Hill Orc Fighter began the quest for the Orb.
     0 | D:1      | Reached XP level 1. HP: 19/19 MP: 1/1
    50 | D:1      | Reached skill level 3 in Axes
    50 | D:1      | Reached XP level 2. HP: 19/27 MP: 2/2
   224 | D:1      | Reached XP level 3. HP: 29/33 MP: 3/3
  1046 | D:2      | Reached XP level 4. HP: 40/40 MP: 4/4
  1411 | D:3      | Reached skill level 4 in Axes
  1426 | D:3      | Killed Jessica
  1479 | D:3      | Found a white marble altar of Elyvilon.
  1991 | D:4      | Reached XP level 5. HP: 33/47 MP: 5/5
  2012 | D:4      | Noticed sheala's ghost (novice DEEE)
  2021 | D:4      | Killed sheala's ghost
  2021 | D:4      | Reached skill level 5 in Fighting
  2021 | D:4      | Reached skill level 5 in Axes
  2021 | D:4      | Reached XP level 6. HP: 37/56 MP: 6/6
  2021 | D:4      | Reached skill level 6 in Axes
  2125 | D:4      | Reached XP level 7. HP: 49/61 MP: 7/7
  2134 | D:4      | Reached skill level 5 in Armour
  2475 | D:5      | Entered Level 5 of the Dungeon
  2492 | D:5      | Found a sacrificial altar of Ru.
  2528 | D:5      | Reached skill level 7 in Axes
  2528 | D:5      | Reached skill level 5 in Shields
  2643 | D:5      | Noticed EvilTwin's ghost (novice MiFi)
  2672 | D:5      | Killed EvilTwin's ghost
  2672 | D:5      | Reached XP level 8. HP: 34/70 MP: 8/8
  3052 | D:5      | Reached skill level 8 in Axes
  3765 | D:6      | Found a staircase to the Ecumenical Temple.
  3886 | Temple   | Entered the Ecumenical Temple
  3933 | Temple   | Became a worshipper of Makhleb the Destroyer
  4242 | D:6      | Reached skill level 1 in Invocations
  4306 | D:7      | Noticed a hippogriff
  4319 | D:7      | Noticed Joseph
  4322 | D:7      | Paralysed by Joseph for 3 turns
  4331 | D:7      | Killed Joseph
  4331 | D:7      | Reached skill level 9 in Axes
  4331 | D:7      | Reached XP level 9. HP: 4/78 MP: 8/10
  4670 | D:7      | Noticed Duvessa
  4671 | D:7      | Noticed Dowan
  4680 | D:7      | Killed Duvessa
  4714 | D:7      | Killed Dowan
  4763 | D:7      | Reached skill level 10 in Axes
  5731 | D:8      | Mangled by a wyvern

Skill      XL: |  1  2  3  4  5  6  7  8  9 |
---------------+----------------------------+-----
Axes           | 3 4 5 6 7 9 10 | 10.5
Fighting       | 4 5 6 7 |  7.4
Armour         | 4 5 6 7 |  7.0
Shields        | 4 5 6 |  6.7
Invocations    | 2 4 |  4.1

Action                   |  1- 3 |  4- 6 |  7- 9 || total
-------------------------+-------+-------+-------++-------
Melee: War axe           |   107 |    80 |   262 ||   449
  Use: Potion            |       |     1 |     8 ||     9
       Scroll            |       |       |    14 ||    14
  Eat: Chunk             |     1 |     3 |     9 ||    13
       Beef jerky        |       |       |     1 ||     1
Armor: Scale mail        |    70 |    49 |   123 ||   242
       Skin              |       |       |     6 ||     6
Dodge: Dodged            |    35 |    27 |    94 ||   156
Block: Shield            |    67 |    38 |   178 ||   283
